3162 views
Uploaded 2020-04-27 20:20:15
Game version 1.32.3
19:07 long 4on4 ladder game on (8)Feralas_LV
Saved by Brunt
3162 views
Uploaded 2020-04-27 20:20:15
Game version 1.32.3
19:07 long 4on4 ladder game on (8)Feralas_LV


146 units @ 21.8k
/ 3.3k
62 buildings @ 10.4k
/ 4.5k


| Potion of Healing | 4 | 600 |
| Rod of Necromancy | 1 | 150 |
| Scroll of Town Portal | 5 | 1750 |
| total: | 10 | 2500g |
| Acolyte | 9 | 675 | / | 0 |
| Ghoul | 3 | 360 | / | 0 |
| Crypt Fiend | 18 | 3870 | / | 720 |
| Gargoyle | 4 | 700 | / | 120 |
| Frost Wyrm | 3 | 1155 | / | 360 |
| total: | 37 | 6760g | / | 1200w |
| Graveyard | 1 | 215 | / | 0 |
| Crypt | 1 | 200 | / | 50 |
| Ziggurat | 6 | 900 | / | 300 |
| Altar of Darkness | 1 | 180 | / | 50 |
| Tomb of Relics | 1 | 130 | / | 30 |
| Sacrificial Pit | 1 | 75 | / | 150 |
| Boneyard | 2 | 350 | / | 400 |
| Halls of the Dead | 2 | 640 | / | 420 |
| Black Citadel | 1 | 325 | / | 230 |
| total: | 13 | 2050g | / | 980w |
| 0:04 | Acolyte |
| 0:04 | Acolyte |
| 0:09 | Graveyard |
| 0:11 | Crypt |
| 0:28 | Ziggurat |
| 0:52 | Altar of Darkness |
| 1:14 | Ghoul |
| 1:15 | Ghoul |
| 1:42 | Ziggurat |
| 1:55 | Crypt Fiend |
| 1:55 | Crypt Fiend |
| 2:13 | Tomb of Relics |
| 2:41 | Crypt Fiend |
| 2:41 | Crypt Fiend |
| 2:52 | Death Coil |
| 3:10 | Crypt Fiend |
| 3:41 | Crypt Fiend |
| 4:17 | Halls of the Dead |
| 4:29 | Ghoul |
| 4:46 | Ziggurat |
| 5:12 | Unholy Aura |
| 5:22 | Crypt Fiend |
| 5:43 | Crypt Fiend |
| 5:46 | Creature Attack |
| 6:13 | Crypt Fiend |
| 6:36 | Crypt Fiend |
| 6:52 | Acolyte |
| 7:52 | Death Coil |
| 8:40 | Black Citadel |
| 9:04 | Frost Nova |
| 9:18 | Ziggurat |
| 9:19 | Ziggurat |
| 9:19 | Ziggurat |
| 9:58 | Scroll of Town Portal |
| 11:20 | Acolyte |
| 11:20 | Acolyte |
| 11:20 | Acolyte |
| 11:20 | Acolyte |
| 11:20 | Acolyte |
| 11:44 | Crypt Fiend |
| 11:45 | Crypt Fiend |
| 11:47 | Death Pact |
| 12:21 | Dark Ritual |
| 12:31 | Gargoyle |
| 12:31 | Gargoyle |
| 12:31 | Gargoyle |
| 12:31 | Gargoyle |
| 12:38 | Sacrificial Pit |
| 13:06 | Crypt Fiend |
| 13:07 | Web |
| 13:25 | Scroll of Town Portal |
| 13:25 | Potion of Healing |
| 13:25 | Potion of Healing |
| 13:31 | Potion of Healing |
| 13:32 | Rod of Necromancy |
| 13:36 | Crypt Fiend |
| 14:40 | Boneyard |
| 14:41 | Boneyard |
| 14:45 | Crypt Fiend |
| 14:50 | Scroll of Town Portal |
| 14:50 | Scroll of Town Portal |
| 14:52 | Crypt Fiend |
| 15:03 | Acolyte |
| 17:15 | Frost Wyrm |
| 17:15 | Frost Wyrm |
| 17:15 | Frost Wyrm |
| 17:28 | Scroll of Town Portal |
| 17:30 | Potion of Healing |
| 17:40 | Crypt Fiend |
| 17:40 | Crypt Fiend |
| Right click | 790 |
| Misc. action | 494 |
| Select group | 375 |
| Select | 154 |
| Build/train/purchase | 70 |
| Chat | 62 |
| Use ability | 37 |
| Assign group | 36 |
| Resource trade | 15 |
| Remove unit | 5 |
| Minimap ping | 5 |
| Esc | 2 |
| Item give/drop | 1 |


| Healing Salve | 2 | 200 |
| Lesser Clarity Potion | 5 | 350 |
| Potion of Mana | 2 | 400 |
| Potion of Healing | 2 | 300 |
| Scroll of Speed | 1 | 50 |
| Scroll of Town Portal | 1 | 350 |
| total: | 13 | 1650g |
| Peon | 14 | 1050 | / | 0 |
| Grunt | 10 | 2000 | / | 0 |
| Shaman | 7 | 910 | / | 140 |
| Kodo Beast | 2 | 510 | / | 120 |
| Raider | 4 | 720 | / | 160 |
| Forest Troll Berserker | 1 | 245 | / | 30 |
| total: | 38 | 5435g | / | 450w |
| Watch Tower | 3 | 330 | / | 240 |
| Altar of Storms | 1 | 180 | / | 50 |
| Orc Burrow | 5 | 800 | / | 200 |
| Barracks | 1 | 180 | / | 50 |
| Voodoo Lounge | 1 | 130 | / | 30 |
| War Mill | 1 | 205 | / | 0 |
| Great Hall | 2 | 770 | / | 370 |
| Spirit Lodge | 2 | 300 | / | 300 |
| Beastiary | 1 | 145 | / | 140 |
| Stronghold | 1 | 315 | / | 190 |
| Fortress | 1 | 325 | / | 190 |
| total: | 17 | 3040g | / | 1380w |
| 0:04 | Altar of Storms |
| 0:04 | Peon |
| 0:11 | Peon |
| 0:16 | Orc Burrow |
| 0:33 | Peon |
| 0:36 | Barracks |
| 0:48 | Peon |
| 0:59 | Peon |
| 1:14 | Peon |
| 1:29 | Voodoo Lounge |
| 1:36 | Grunt |
| 1:37 | Grunt |
| 1:51 | Orc Burrow |
| 2:03 | Peon |
| 2:07 | Feral Spirit |
| 2:45 | Stronghold |
| 2:48 | Grunt |
| 3:23 | Orc Burrow |
| 3:28 | Chain Lighting |
| 3:31 | Grunt |
| 4:19 | War Mill |
| 4:41 | Healing Salve |
| 5:07 | Great Hall |
| 5:09 | Spirit Lodge |
| 5:13 | Berserker Strength |
| 5:49 | Feral Spirit |
| 6:03 | Steel Melee Weapons |
| 6:23 | Orc Burrow |
| 6:24 | Shaman Adept Training |
| 6:27 | Peon |
| 6:41 | War Stomp |
| 7:22 | Reinforced Defenses |
| 7:26 | Watch Tower |
| 7:27 | Grunt |
| 7:32 | Peon |
| 8:04 | Fortress |
| 8:20 | Shaman |
| 8:22 | Steel Armor |
| 8:26 | Peon |
| 8:26 | Peon |
| 8:26 | Peon |
| 8:26 | Peon |
| 8:29 | Watch Tower |
| 8:49 | Watch Tower |
| 8:57 | Shaman |
| 9:36 | Grunt |
| 9:36 | Shaman |
| 10:04 | Shaman |
| 10:04 | Grunt |
| 10:10 | Lesser Clarity Potion |
| 10:15 | Spirit Lodge |
| 10:34 | Shaman Master Training |
| 11:08 | Grunt |
| 11:08 | Shaman |
| 11:18 | Potion of Mana |
| 11:18 | Potion of Healing |
| 11:30 | Shaman |
| 11:35 | Potion of Healing |
| 11:45 | Chain Lighting |
| 12:04 | Lesser Clarity Potion |
| 12:12 | Potion of Mana |
| 12:46 | Lesser Clarity Potion |
| 13:09 | Shaman |
| 13:16 | Beastiary |
| 13:22 | Healing Salve |
| 13:23 | Lesser Clarity Potion |
| 13:23 | Scroll of Speed |
| 13:51 | Endurance Aura |
| 14:01 | Grunt |
| 14:06 | Orc Burrow |
| 14:14 | Great Hall |
| 14:30 | Kodo Beast |
| 14:55 | Lesser Clarity Potion |
| 15:02 | War Drums Damage Increase |
| 15:50 | Kodo Beast |
| 15:50 | Grunt |
| 16:02 | Forest Troll Berserker |
| 16:25 | Raider |
| 16:43 | Raider |
| 17:19 | Raider |
| 17:27 | Peon |
| 17:51 | Raider |
| 18:30 | Scroll of Town Portal |
| Select group | 1149 |
| Right click | 581 |
| Select | 395 |
| Misc. action | 133 |
| Build/train/purchase | 97 |
| Assign group | 57 |
| Use ability | 27 |
| Item give/drop | 1 |
| Esc | 1 |

| Orb of Venom | 1 | 325 |
| Potion of Healing | 2 | 300 |
| Scroll of Town Portal | 2 | 700 |
| Boots of Speed | 1 | 250 |
| total: | 6 | 1575g |
| Wisp | 27 | 1620 | / | 0 |
| Archer | 6 | 780 | / | 60 |
| Druid of the Claw | 9 | 2295 | / | 720 |
| Huntress | 1 | 195 | / | 20 |
| Dryad | 1 | 145 | / | 60 |
| total: | 44 | 5035g | / | 860w |
| Ancient Protector | 5 | 675 | / | 400 |
| Altar of Elders | 1 | 180 | / | 50 |
| Moon Well | 8 | 1440 | / | 320 |
| Ancient of War | 1 | 150 | / | 60 |
| Tree of Life | 1 | 340 | / | 185 |
| Ancient of Wonders | 1 | 90 | / | 30 |
| Hunter's Hall | 1 | 210 | / | 100 |
| Ancient of Lore | 2 | 310 | / | 290 |
| Tree of Ages | 1 | 320 | / | 180 |
| Tree of Eternity | 2 | 660 | / | 400 |
| total: | 20 | 3395g | / | 1435w |
| 0:04 | Altar of Elders |
| 0:07 | Moon Well |
| 0:09 | Wisp |
| 0:09 | Wisp |
| 0:28 | Ancient of War |
| 0:40 | Wisp |
| 0:47 | Wisp |
| 1:09 | Wisp |
| 1:15 | Wisp |
| 1:22 | Moon Well |
| 1:30 | Wisp |
| 1:41 | Archer |
| 1:41 | Archer |
| 1:58 | Wisp |
| 1:58 | Wisp |
| 2:08 | Mana Burn |
| 2:15 | Wisp |
| 2:35 | Wisp |
| 2:42 | Evasion |
| 2:56 | Tree of Ages |
| 3:08 | Archer |
| 3:23 | Moon Well |
| 3:31 | Archer |
| 3:31 | Archer |
| 3:55 | Moon Well |
| 4:05 | Archer |
| 4:46 | Tree of Life |
| 4:49 | Mana Burn |
| 4:52 | Ancient of Wonders |
| 5:34 | Hunter's Hall |
| 6:02 | Tree of Eternity |
| 6:25 | Evasion |
| 6:37 | Boots of Speed |
| 6:59 | Ancient of Lore |
| 7:01 | Ancient of Lore |
| 7:03 | Wisp |
| 7:03 | Wisp |
| 7:03 | Wisp |
| 7:04 | Wisp |
| 7:04 | Wisp |
| 7:04 | Wisp |
| 8:44 | Druid of the Claw Adept Training |
| 8:44 | Druid of the Claw |
| 8:46 | Druid of the Claw |
| 9:08 | Druid of the Claw |
| 9:19 | Strength of the Wild |
| 9:22 | Druid of the Claw Master Training |
| 9:22 | Druid of the Claw |
| 10:02 | Druid of the Claw |
| 10:25 | Orb of Venom |
| 10:26 | Scroll of Town Portal |
| 10:26 | Potion of Healing |
| 11:13 | Huntress |
| 11:14 | Druid of the Claw |
| 11:15 | Mark of the Claw |
| 12:20 | Druid of the Claw |
| 12:52 | Druid of the Claw |
| 12:55 | Reinforced Hides |
| 12:57 | Wisp |
| 12:57 | Wisp |
| 12:57 | Wisp |
| 12:57 | Wisp |
| 13:05 | Wisp |
| 13:06 | Wisp |
| 13:06 | Wisp |
| 13:11 | Moon Well |
| 13:47 | Moon Well |
| 14:01 | Potion of Healing |
| 14:03 | Scroll of Town Portal |
| 14:31 | Improved Reinforced Hides |
| 14:37 | Ancient Protector |
| 14:39 | Ancient Protector |
| 14:40 | Wisp |
| 14:40 | Wisp |
| 14:40 | Wisp |
| 15:45 | Mana Burn |
| 15:55 | Druid of the Claw |
| 15:58 | Moon Well |
| 16:00 | Improved Strength of the Wild |
| 16:00 | Advanced Strength of the Wild |
| 16:03 | Moon Well |
| 16:07 | Ancient Protector |
| 16:08 | Ancient Protector |
| 16:09 | Ancient Protector |
| 16:35 | Abolish Magic |
| 16:35 | Dryad |
| Right click | 969 |
| Select group | 365 |
| Select | 337 |
| Misc. action | 279 |
| Build/train/purchase | 99 |
| Use ability | 34 |
| Chat | 23 |
| Assign group | 12 |
| Minimap ping | 6 |
| Item give/drop | 2 |
| Remove unit | 1 |


| Rod of Necromancy | 1 | 150 |
| Potion of Healing | 1 | 150 |
| Orb of Corruption | 1 | 375 |
| Scroll of Town Portal | 2 | 700 |
| total: | 5 | 1375g |
| Acolyte | 7 | 525 | / | 0 |
| Ghoul | 2 | 240 | / | 0 |
| Crypt Fiend | 11 | 2365 | / | 440 |
| Obsidian Statue | 5 | 1000 | / | 175 |
| Abomination | 2 | 480 | / | 140 |
| total: | 27 | 4610g | / | 755w |
| Crypt | 1 | 200 | / | 50 |
| Graveyard | 1 | 215 | / | 0 |
| Ziggurat | 6 | 900 | / | 300 |
| Altar of Darkness | 1 | 180 | / | 50 |
| Tomb of Relics | 1 | 130 | / | 30 |
| Slaughterhouse | 2 | 280 | / | 270 |
| Halls of the Dead | 1 | 320 | / | 210 |
| Black Citadel | 1 | 325 | / | 230 |
| total: | 12 | 1905g | / | 700w |
| 0:04 | Acolyte |
| 0:04 | Acolyte |
| 0:09 | Crypt |
| 0:19 | Graveyard |
| 0:39 | Ziggurat |
| 0:58 | Altar of Darkness |
| 1:13 | Ghoul |
| 1:25 | Ghoul |
| 1:38 | Ziggurat |
| 1:53 | Tomb of Relics |
| 2:13 | Crypt Fiend |
| 2:36 | Crypt Fiend |
| 3:02 | Death Coil |
| 3:04 | Rod of Necromancy |
| 3:11 | Crypt Fiend |
| 3:51 | Halls of the Dead |
| 4:03 | Crypt Fiend |
| 4:30 | Unholy Aura |
| 4:42 | Ziggurat |
| 5:36 | Crypt Fiend |
| 5:46 | Ziggurat |
| 6:23 | Slaughterhouse |
| 6:52 | Crypt Fiend |
| 6:56 | Black Citadel |
| 7:20 | Frost Nova |
| 7:51 | Crypt Fiend |
| 7:54 | Obsidian Statue |
| 7:59 | Ziggurat |
| 8:27 | Obsidian Statue |
| 9:03 | Crypt Fiend |
| 9:35 | Slaughterhouse |
| 10:06 | Abomination |
| 10:12 | Unholy Armor |
| 10:15 | Ziggurat |
| 10:48 | Disease Cloud |
| 10:55 | Scroll of Town Portal |
| 11:15 | Death Coil |
| 11:33 | Potion of Healing |
| 11:53 | Abomination |
| 12:21 | Frost Armor |
| 12:26 | Crypt Fiend |
| 12:39 | Improved Unholy Armor |
| 12:41 | Obsidian Statue |
| 12:59 | Acolyte |
| 13:11 | Obsidian Statue |
| 14:19 | Scroll of Town Portal |
| 14:36 | Orb of Corruption |
| 14:54 | Web |
| 15:50 | Acolyte |
| 15:50 | Acolyte |
| 15:50 | Acolyte |
| 15:52 | Acolyte |
| 16:20 | Crypt Fiend |
| 17:25 | Destroyer Form |
| 17:27 | Crypt Fiend |
| 17:32 | Obsidian Statue |
| Right click | 460 |
| Select | 164 |
| Select group | 136 |
| Misc. action | 115 |
| Build/train/purchase | 62 |
| Assign group | 26 |
| Use ability | 21 |
| Minimap ping | 2 |
150 units @ 22.7k
/ 3.8k
70 buildings @ 10.3k
/ 4.2k


| Rod of Necromancy | 1 | 150 |
| Sacrificial Skull | 1 | 50 |
| total: | 2 | 200g |
| Acolyte | 7 | 525 | / | 0 |
| Ghoul | 3 | 360 | / | 0 |
| Crypt Fiend | 12 | 2580 | / | 480 |
| Frost Wyrm | 4 | 1540 | / | 480 |
| total: | 26 | 5005g | / | 960w |
| Ziggurat | 10 | 1500 | / | 500 |
| Altar of Darkness | 1 | 180 | / | 50 |
| Crypt | 1 | 200 | / | 50 |
| Graveyard | 1 | 215 | / | 0 |
| Tomb of Relics | 1 | 130 | / | 30 |
| Sacrificial Pit | 1 | 75 | / | 150 |
| Boneyard | 2 | 350 | / | 400 |
| Halls of the Dead | 1 | 320 | / | 210 |
| Black Citadel | 1 | 325 | / | 230 |
| total: | 17 | 2650g | / | 1180w |
| 0:05 | Acolyte |
| 0:05 | Acolyte |
| 0:50 | Ziggurat |
| 0:57 | Altar of Darkness |
| 1:01 | Crypt |
| 1:06 | Graveyard |
| 1:13 | Tomb of Relics |
| 1:37 | Ziggurat |
| 2:06 | Ghoul |
| 2:07 | Ghoul |
| 2:07 | Ghoul |
| 2:59 | Rod of Necromancy |
| 3:06 | Frost Nova |
| 3:07 | Crypt Fiend |
| 3:07 | Crypt Fiend |
| 3:42 | Crypt Fiend |
| 4:32 | Halls of the Dead |
| 4:34 | Creature Attack |
| 4:42 | Dark Ritual |
| 4:47 | Crypt Fiend |
| 5:51 | Ziggurat |
| 5:54 | Ziggurat |
| 6:13 | Creature Carapace |
| 6:53 | Crypt Fiend |
| 7:09 | Ziggurat |
| 7:14 | Sacrificial Pit |
| 7:35 | Ziggurat |
| 8:11 | Death Coil |
| 8:31 | Crypt Fiend |
| 8:31 | Crypt Fiend |
| 8:33 | Black Citadel |
| 9:04 | Crypt Fiend |
| 9:07 | Improved Creature Attack |
| 9:50 | Frost Nova |
| 10:19 | Crypt Fiend |
| 10:25 | Ziggurat |
| 10:28 | Crypt Fiend |
| 10:30 | Web |
| 12:31 | Boneyard |
| 12:32 | Boneyard |
| 12:51 | Ziggurat |
| 12:57 | Crypt Fiend |
| 13:30 | Crypt Fiend |
| 13:35 | Improved Creature Carapace |
| 13:55 | Frost Wyrm |
| 14:30 | Unholy Aura |
| 14:47 | Dark Ritual |
| 14:59 | Acolyte |
| 14:59 | Acolyte |
| 15:02 | Acolyte |
| 15:02 | Acolyte |
| 15:05 | Frost Wyrm |
| 15:26 | Sacrificial Skull |
| 15:43 | Ziggurat |
| 15:44 | Ziggurat |
| 15:51 | Acolyte |
| 16:43 | Frost Wyrm |
| 18:12 | Death Coil |
| 18:22 | Frost Wyrm |
| Right click | 341 |
| Select | 192 |
| Build/train/purchase | 50 |
| Chat | 38 |
| Use ability | 24 |
| Select group | 16 |
| Assign group | 11 |
| Item give/drop | 2 |
| Minimap ping | 2 |


| Sacrificial Skull | 1 | 50 |
| Scroll of Town Portal | 1 | 350 |
| Staff of Teleportation | 1 | 150 |
| total: | 3 | 550g |
| Acolyte | 7 | 525 | / | 0 |
| Ghoul | 3 | 360 | / | 0 |
| Crypt Fiend | 10 | 2150 | / | 400 |
| Necromancer | 8 | 1160 | / | 160 |
| Forest Troll Shadow Priest | 2 | 390 | / | 20 |
| total: | 30 | 4585g | / | 580w |
| Spirit Tower | 2 | 290 | / | 80 |
| Nerubian Tower | 1 | 100 | / | 20 |
| Crypt | 1 | 200 | / | 50 |
| Ziggurat | 8 | 1200 | / | 400 |
| Altar of Darkness | 1 | 180 | / | 50 |
| Graveyard | 1 | 215 | / | 0 |
| Tomb of Relics | 1 | 130 | / | 30 |
| Temple of the Damned | 1 | 155 | / | 140 |
| Halls of the Dead | 2 | 640 | / | 420 |
| Black Citadel | 1 | 325 | / | 230 |
| total: | 13 | 2080g | / | 670w |
| 0:03 | Acolyte |
| 0:03 | Acolyte |
| 0:10 | Crypt |
| 0:12 | Ziggurat |
| 0:35 | Altar of Darkness |
| 0:59 | Graveyard |
| 1:12 | Ghoul |
| 1:25 | Ziggurat |
| 1:37 | Ghoul |
| 1:49 | Ghoul |
| 2:24 | Crypt Fiend |
| 2:30 | Ziggurat |
| 2:41 | Death Coil |
| 2:53 | Crypt Fiend |
| 3:12 | Crypt Fiend |
| 3:30 | Crypt Fiend |
| 4:04 | Crypt Fiend |
| 4:12 | Unholy Aura |
| 4:20 | Halls of the Dead |
| 5:03 | Crypt Fiend |
| 5:28 | Death Coil |
| 5:38 | Crypt Fiend |
| 5:41 | Creature Carapace |
| 5:56 | Ziggurat |
| 6:16 | Forest Troll Shadow Priest |
| 7:05 | Spirit Tower |
| 7:06 | Crypt Fiend |
| 7:31 | Nerubian Tower |
| 8:27 | Unholy Aura |
| 9:08 | Improved Creature Carapace |
| 9:08 | Creature Attack |
| 9:09 | Crypt Fiend |
| 9:10 | Black Citadel |
| 9:15 | Ziggurat |
| 10:18 | Temple of the Damned |
| 10:32 | Frost Nova |
| 12:09 | Necromancer |
| 12:09 | Necromancer |
| 12:09 | Necromancer |
| 12:12 | Tomb of Relics |
| 12:25 | Improved Creature Attack |
| 12:35 | Forest Troll Shadow Priest |
| 12:42 | Necromancer Adept Training |
| 12:47 | Frost Armor |
| 12:59 | Scroll of Town Portal |
| 13:10 | Staff of Teleportation |
| 13:19 | Advanced Creature Carapace |
| 13:20 | Crypt Fiend |
| 13:31 | Necromancer |
| 14:27 | Necromancer |
| 14:33 | Acolyte |
| 14:33 | Acolyte |
| 14:33 | Acolyte |
| 14:33 | Acolyte |
| 14:34 | Acolyte |
| 14:47 | Sacrificial Skull |
| 15:11 | Ziggurat |
| 15:12 | Ziggurat |
| 15:13 | Ziggurat |
| 15:53 | Death Coil |
| 16:01 | Necromancer Master Training |
| 16:07 | Spirit Tower |
| 16:54 | Frost Nova |
| 17:25 | Necromancer |
| 17:26 | Necromancer |
| 17:26 | Necromancer |
| Right click | 653 |
| Select | 247 |
| Select group | 222 |
| Misc. action | 110 |
| Chat | 65 |
| Build/train/purchase | 59 |
| Assign group | 42 |
| Use ability | 42 |
| Minimap ping | 14 |
| Item give/drop | 2 |
| Remove unit | 1 |

| Orb of Venom | 1 | 325 |
| Dust of Appearance | 1 | 75 |
| Scroll of Town Portal | 2 | 700 |
| total: | 4 | 1100g |
| Wisp | 22 | 1320 | / | 0 |
| Archer | 15 | 1950 | / | 150 |
| Dryad | 12 | 1740 | / | 720 |
| Druid of the Claw | 1 | 255 | / | 80 |
| Mountain Giant | 8 | 2800 | / | 800 |
| total: | 58 | 8065g | / | 1750w |
| Ancient Protector | 1 | 135 | / | 80 |
| Moon Well | 7 | 1260 | / | 280 |
| Altar of Elders | 1 | 180 | / | 50 |
| Ancient of War | 1 | 150 | / | 60 |
| Ancient of Wonders | 1 | 90 | / | 30 |
| Tree of Life | 2 | 680 | / | 370 |
| Hunter's Hall | 1 | 210 | / | 100 |
| Ancient of Lore | 2 | 310 | / | 290 |
| Tree of Ages | 1 | 320 | / | 180 |
| Tree of Eternity | 1 | 330 | / | 200 |
| total: | 16 | 3015g | / | 1260w |
| 0:17 | Wisp |
| 0:17 | Wisp |
| 0:17 | Wisp |
| 0:17 | Wisp |
| 0:17 | Wisp |
| 0:35 | Moon Well |
| 0:37 | Wisp |
| 0:38 | Wisp |
| 0:55 | Altar of Elders |
| 1:06 | Wisp |
| 1:06 | Wisp |
| 1:19 | Ancient of War |
| 1:21 | Wisp |
| 1:23 | Wisp |
| 1:36 | Wisp |
| 1:43 | Moon Well |
| 1:55 | Wisp |
| 2:03 | Wisp |
| 2:20 | Archer |
| 2:20 | Archer |
| 2:23 | Wisp |
| 2:33 | Ancient of Wonders |
| 2:36 | Archer |
| 2:48 | Archer |
| 2:49 | Archer |
| 3:02 | Moon Well |
| 3:08 | Entangling Roots |
| 3:36 | Archer |
| 3:36 | Archer |
| 3:36 | Archer |
| 4:17 | Force of Nature |
| 4:19 | Tree of Ages |
| 4:20 | Archer |
| 4:22 | Moon Well |
| 4:27 | Dust of Appearance |
| 5:39 | Tree of Life |
| 5:46 | Hunter's Hall |
| 5:47 | Archer |
| 5:48 | Archer |
| 6:22 | Moon Well |
| 6:25 | Archer |
| 6:26 | Archer |
| 7:08 | Tree of Eternity |
| 7:09 | Improved Bows |
| 7:12 | Strength of the Wild |
| 7:18 | Ancient Protector |
| 7:33 | Scroll of Town Portal |
| 8:34 | Tree of Life |
| 8:39 | Entangling Roots |
| 9:07 | Archer |
| 9:07 | Archer |
| 9:10 | Ancient of Lore |
| 9:13 | Ancient of Lore |
| 10:30 | Dryad |
| 10:30 | Dryad |
| 10:36 | Dryad |
| 10:37 | Dryad |
| 10:37 | Dryad |
| 11:18 | Force of Nature |
| 12:30 | Abolish Magic |
| 12:31 | Wisp |
| 12:31 | Wisp |
| 12:32 | Wisp |
| 12:32 | Wisp |
| 12:32 | Wisp |
| 12:40 | Improved Strength of the Wild |
| 12:40 | Reinforced Hides |
| 12:42 | Druid of the Claw |
| 12:43 | Mountain Giant |
| 12:43 | Mountain Giant |
| 12:44 | Mountain Giant |
| 12:45 | Mountain Giant |
| 12:56 | Scroll of Town Portal |
| 13:17 | Orb of Venom |
| 13:56 | Mountain Giant |
| 13:56 | Mountain Giant |
| 14:05 | Moon Well |
| 14:05 | Moon Well |
| 14:30 | Entangling Roots |
| 15:17 | Hardened Skin |
| 15:17 | Resistant Skin |
| 15:19 | Advanced Strength of the Wild |
| 15:19 | Improved Reinforced Hides |
| 16:46 | Mountain Giant |
| 16:46 | Mountain Giant |
| 16:47 | Dryad |
| 16:47 | Dryad |
| 17:28 | Wisp |
| 17:28 | Wisp |
| 17:31 | Dryad |
| 17:31 | Dryad |
| 18:38 | Tranquility |
| 18:46 | Dryad |
| 18:46 | Dryad |
| 18:47 | Dryad |
| Right click | 907 |
| Select | 282 |
| Build/train/purchase | 93 |
| Chat | 85 |
| Select group | 68 |
| Use ability | 37 |
| Assign group | 20 |
| Remove unit | 11 |
| Minimap ping | 4 |
| Misc. action | 1 |


| Staff of Sanctuary | 1 | 250 |
| Orb of Fire | 1 | 325 |
| Scroll of Regeneration | 1 | 100 |
| Scroll of Town Portal | 2 | 700 |
| total: | 5 | 1375g |
| Peasant | 15 | 1125 | / | 0 |
| Footman | 5 | 675 | / | 0 |
| Rifleman | 9 | 1845 | / | 270 |
| Priest | 3 | 405 | / | 30 |
| Knight | 3 | 735 | / | 180 |
| Spell Breaker | 1 | 215 | / | 30 |
| total: | 36 | 5000g | / | 510w |
| Scout Tower | 4 | 120 | / | 80 |
| Arcane Tower | 2 | 140 | / | 100 |
| Guard Tower | 2 | 140 | / | 100 |
| Altar of Kings | 1 | 180 | / | 50 |
| Farm | 11 | 880 | / | 220 |
| Barracks | 2 | 320 | / | 120 |
| Town Hall | 1 | 385 | / | 205 |
| Blacksmith | 1 | 140 | / | 60 |
| Lumber Mill | 1 | 120 | / | 0 |
| Arcane Vault | 1 | 130 | / | 30 |
| Arcane Sanctum | 2 | 300 | / | 280 |
| Keep | 1 | 320 | / | 210 |
| Castle | 1 | 360 | / | 210 |
| total: | 24 | 2575g | / | 1045w |
| 0:01 | Peasant |
| 0:01 | Peasant |
| 0:08 | Altar of Kings |
| 0:18 | Farm |
| 0:21 | Barracks |
| 0:26 | Peasant |
| 0:33 | Peasant |
| 0:49 | Farm |
| 0:53 | Peasant |
| 1:04 | Peasant |
| 1:20 | Peasant |
| 1:23 | Footman |
| 1:36 | Peasant |
| 1:43 | Footman |
| 1:53 | Farm |
| 2:02 | Peasant |
| 2:09 | Summon Water Elemental |
| 2:22 | Peasant |
| 2:53 | Footman |
| 2:55 | Peasant |
| 3:06 | Brilliance Aura |
| 3:18 | Town Hall |
| 3:21 | Scout Tower |
| 3:43 | Keep |
| 3:56 | Scout Tower |
| 4:17 | Arcane Tower |
| 4:24 | Blacksmith |
| 4:57 | Footman |
| 5:01 | Farm |
| 5:28 | Summon Water Elemental |
| 6:01 | Peasant |
| 6:01 | Peasant |
| 6:01 | Peasant |
| 6:05 | Rifleman |
| 6:32 | Rifleman |
| 6:36 | Arcane Tower |
| 6:49 | Arcane Sanctum |
| 6:53 | Arcane Sanctum |
| 7:01 | Lumber Mill |
| 7:07 | Peasant |
| 7:11 | Barracks |
| 7:18 | Arcane Vault |
| 7:21 | Scout Tower |
| 7:22 | Farm |
| 7:23 | Farm |
| 7:42 | Holy Light |
| 7:43 | Rifleman |
| 8:00 | Farm |
| 8:13 | Rifleman |
| 8:14 | Priest |
| 8:14 | Priest Adept Training |
| 8:40 | Guard Tower |
| 8:44 | Scout Tower |
| 8:48 | Rifleman |
| 8:49 | Priest |
| 8:51 | Black Gunpowder |
| 10:00 | Brilliance Aura |
| 10:03 | Rifleman |
| 10:03 | Priest |
| 10:17 | Footman |
| 10:17 | Rifleman |
| 10:18 | Long Rifles |
| 10:23 | Castle |
| 11:09 | Devotion Aura |
| 11:37 | Rifleman |
| 11:39 | Refined Gunpowder |
| 11:39 | Studded Leather Armor |
| 12:27 | Rifleman |
| 12:40 | Guard Tower |
| 12:53 | Sundering Blades |
| 12:53 | Animal War Training |
| 12:55 | Priest Master Training |
| 13:03 | Knight |
| 13:04 | Spell Breaker |
| 13:04 | Control Magic |
| 13:08 | Farm |
| 13:10 | Farm |
| 13:12 | Farm |
| 13:26 | Staff of Sanctuary |
| 13:35 | Scroll of Town Portal |
| 13:51 | Farm |
| 14:09 | Imbued Gunpowder |
| 14:40 | Orb of Fire |
| 14:49 | Knight |
| 14:51 | Reinforced Leather Armor |
| 14:59 | Improved Masonry |
| 15:22 | Summon Water Elemental |
| 15:44 | Holy Light |
| 16:03 | Scroll of Regeneration |
| 16:03 | Scroll of Town Portal |
| 16:16 | Knight |
| 17:39 | Iron Forged Swords |
| 17:39 | Iron Plating |
| 17:51 | Dragonhide Armor |
| 19:01 | Devotion Aura |
| Right click | 875 |
| Select group | 836 |
| Select | 328 |
| Build/train/purchase | 96 |
| Chat | 72 |
| Misc. action | 63 |
| Assign group | 54 |
| Use ability | 28 |
| Item give/drop | 6 |
| Remove unit | 2 |
⇛